 Dungeon Crawl Stone Soup version 0.31-a0-174-g85c54bcb58 (webtiles) character file.

Game seed: 2230456574994428004

1232 qw the Chopper (level 8, -10/49 HPs)
             Began as a Gargoyle Fighter on June 15, 2023.
             Mangled by an ogre
             ... wielding a +0 giant club
              (22 damage)
             ... on level 6 of the Dungeon.
             The game lasted 00:02:16 (5194 turns).

qw the Chopper (Gargoyle Fighter)                   Turns: 5194, Time: 00:02:17

Health: -10/49     AC: 13    Str: 22    XL:     8   Next: 48%
Magic:  8/8        EV: 14    Int:  9    God:
Gold:   232        SH:  4    Dex:  9    Spells: 7/7 levels left

rFire   . . .        Y - +0 war axe
rCold   . . .        c - +0 buckler
rNeg    + . .        b - +0 scale mail
rPois   inf          (no helmet)
rElec   +            (no cloak)
rCorr   .            r - +0 pair of gloves
SInv    .            (no boots)
Will    .....        f - amulet of faith Stlth
                     g - +5 ring of evasion
HPRegen 0.28/turn    (no ring)
MPRegen 0.11/turn

%: faith
@: no status effects
A: sickness immunity, AC +5, negative energy resistance 1, electricity
resistance, torment resistance 1, petrification resistance
a: no special abilities


You were on level 6 of the Dungeon.
You visited 2 branches of the dungeon, and saw 7 of its levels.

You collected 232 gold pieces.


Innate Abilities, Weirdness & Mutations

You are immune to sickness and miasma.
Your stone body is resilient. (AC +5)
You are immune to poison.
You resist negative energy. (rN+)
You are resistant to electric shocks. (rElec)
You are resistant to unholy torment.
You are immune to petrification.


   Skills:
 - Level 5.0 Fighting
 + Level 7.7 Axes
 - Level 3.2 Throwing
 - Level 3.2 Armour
 - Level 1.3 Dodging
 - Level 3.2 Shields


You had 7 spell levels left.
You didn't know any spells.
Your spell library was empty.

Inventory:

Hand Weapons
 l - a +0 morningstar
 Y - a +0 war axe (weapon)
Missiles
 o - 11 boomerangs
 p - a javelin (quivered)
Armour
 b - a +0 scale mail (worn)
 c - a +0 buckler (worn)
 r - a +0 pair of gloves (worn)
Jewellery
 f - an amulet of faith (around neck)
 g - a +5 ring of evasion (left hand)
Scrolls
 a - 2 scrolls of identify
Potions
 d - a potion of might
 e - a potion of degeneration {unknown}
 h - a potion of haste
 i - 3 potions of lignification
 j - a potion of curing
 k - a potion of resistance {unknown}
 m - a potion of berserk rage {unknown}
 q - a potion of mutation {unknown}
 u - a potion of attraction {unknown}

Dungeon Overview and Level Annotations

Branches:
Dungeon (6/15)             Temple (1/1) D:4

Altars:
Ashenzari
Cheibriados
Dithmenos
Fedhas
Gozag
Hepliaklqana
Makhleb
Nemelex Xobeh
Sif Muna
Trog
Vehumet
Yredelemnul
Zin
The Shining One

Shops:
D:6 :

Portals:
Abyss: D:5

Annotations:
D:5 2 transporters, qw's ghost, novice NaHu


Message History

You hear a shout!
An ogre comes into view. It is wielding a +0 giant club.
You throw a javelin.
The javelin pierces through the scorpion!
The scorpion is heavily wounded.
You barely miss the scorpion.
The scorpion is heavily wounded.
The scorpion completely misses you.
You closely miss the scorpion.
The scorpion is heavily wounded.
The scorpion barely misses you.
You slash the scorpion!
You kill the scorpion!
You hit the ogre.
The ogre is moderately wounded.
The ogre barely misses you.
You closely miss the ogre.
The ogre is moderately wounded.
You block the ogre's attack.
You hit the ogre.
The ogre is heavily wounded.
You barely miss the ogre.
The ogre is heavily wounded.
The ogre hits you with a +0 giant club!
You hit the ogre.
The ogre is severely wounded.
The ogre closely misses you.
You hit the ogre.
The ogre is severely wounded.
The ogre hits you with a +0 giant club!!
Ouch! That really hurt!
You barely miss the ogre.
The ogre is severely wounded.
The ogre misses you.
You hit the ogre but do no damage.
The ogre is severely wounded.
You hit the ogre.
The ogre is almost dead.
The ogre hits you with a +0 giant club!!
You die...

#...............
###.........<.....
#.................
#...¤.............
##..\¤¤######......
#.......# #####
#.......# #..##...#
##@#####.#
#O........
...........
$...........
#......(...
#...#8..8#.
#..##....# #.#
...(.


You could see an ogre.

Vanquished Creatures
  Sigmund (D:5)
  Menkaure (D:5)
  3 ogres
  5 scorpions
  A howler monkey (D:6)
  A hound (D:4)
  An orc priest (D:5)
  2 iguanas (D:5)
  3 orc wizards
  6 adders
  A shadow imp (D:5)
  A white imp (D:6)
  2 worms (D:3)
  2 dart slugs
  24 orcs
  4 ball pythons
  2 endoplasms (D:3)
  2 giant cockroaches
  9 hobgoblins
  10 kobolds
  5 quokkas
  2 bats
  A frilled lizard (D:1)
  7 goblins
  6 rats
102 creatures vanquished.

Notes
Turn   | Place    | Note
-------+----------+-------------------------------------------
     0 | D:1      | qw the Gargoyle Fighter began the quest for the Orb.
     0 | D:1      | Reached XP level 1. HP: 14/14 MP: 1/1
     0 | D:1      | 0 ||| qw: Version: 0.2-a-29-g511e9b1
     0 | D:1      | 0 ||| qw: Game counter: 5512
     0 | D:1      | 0 ||| qw: Always use a shield: true
     0 | D:1      | 0 ||| qw: God list: Okawaru
     0 | D:1      | 0 ||| qw: Allow faded altars: false
     0 | D:1      | 0 ||| qw: Do Orc after D:15 true
     0 | D:1      | 0 ||| qw: Do second Lair branch before Depths: true
     0 | D:1      | 0 ||| qw: Lair rune preference: random
     0 | D:1      | 0 ||| qw: Plans: Normal, Zot:1-4, Slime:5, God:TSO, Crypt,
                  | Tomb, Abyss, Pan, Hells, Win
     0 | D:1      | 0 ||| PLANNING D:1-11
    45 | D:1      | Reached skill level 2 in Axes
   217 | D:1      | Reached XP level 2. HP: 19/19 MP: 2/2
   368 | D:1      | 368 ||| Stepping ~*~*~tactically~*~*~ (stealth).
   372 | D:1      | 372 ||| Stepping ~*~*~tactically~*~*~ (stealth).
   401 | D:1      | 401 ||| Stepping ~*~*~tactically~*~*~ (hiding).
   403 | D:1      | 403 ||| Stepping ~*~*~tactically~*~*~ (hiding).
   504 | D:1      | 504 ||| Stepping ~*~*~tactically~*~*~ (stealth).
   505 | D:1      | 505 ||| Stepping ~*~*~tactically~*~*~ (stealth).
   707 | D:1      | Reached skill level 3 in Axes
   714 | D:1      | Reached XP level 3. HP: 23/23 MP: 3/3
   750 | D:1      | Found a faded altar of an unknown god.
   814 | D:1      | 814 ||| UPGRADING to +5 ring of evasion.
   815 | D:1      | 815 ||| READING 2 scrolls labelled ZUFOHOKHIGOY.
   816 | D:1      | 816 ||| READING 2 scrolls labelled JOZEETHREAKAO.
   817 | D:1      | 817 ||| DROPPING scroll of vulnerability.
   980 | D:2      | 980 ||| Stepping ~*~*~tactically~*~*~ (hiding).
  1342 | D:2      | You fall into a shaft and drop 2 floors!
  1477 | D:4      | 1477 ||| UPGRADING to amulet of faith.
  1482 | D:4      | 1482 ||| READING 3 scrolls of identify.
  1482 | D:4      | 1482 ||| IDENTIFYING pink potion
  1483 | D:4      | 1483 ||| READING 2 scrolls of identify.
  1483 | D:4      | 1483 ||| IDENTIFYING green potion
  1491 | D:3      | 1491 ||| FLEEEEING.
  1493 | D:3      | 1493 ||| FLEEEEING.
  1494 | D:3      | 1494 ||| FLEEEEING.
  1495 | D:3      | 1495 ||| FLEEEEING.
  1496 | D:3      | 1496 ||| FLEEEEING.
  1497 | D:3      | 1497 ||| STAIRDANCE
  1758 | D:3      | 1758 ||| Stepping ~*~*~tactically~*~*~ (hiding).
  1799 | D:3      | 1799 ||| Stepping ~*~*~tactically~*~*~ (stealth).
  1801 | D:3      | 1801 ||| Stepping ~*~*~tactically~*~*~ (hiding).
  1802 | D:3      | 1802 ||| Stepping ~*~*~tactically~*~*~ (hiding).
  1959 | D:3      | Identified the +0 robe "Ytwym" {Regen+ Str+2}
  2049 | D:3      | Reached XP level 4. HP: 28/28 MP: 4/4
  2059 | D:3      | 2059 ||| Stepping ~*~*~tactically~*~*~ (stealth).
  2060 | D:3      | 2060 ||| Stepping ~*~*~tactically~*~*~ (stealth).
  2067 | D:3      | 2067 ||| Stepping ~*~*~tactically~*~*~ (stealth).
  2119 | D:3      | 2119 ||| Stepping ~*~*~tactically~*~*~ (hiding).
  2124 | D:3      | Reached skill level 4 in Axes
  2219 | D:3      | 2219 ||| Stepping ~*~*~tactically~*~*~ (stealth).
  2220 | D:3      | 2220 ||| FLEEEEING.
  2222 | D:3      | 2222 ||| FLEEEEING.
  2229 | D:3      | 2229 ||| FLEEEEING.
  2230 | D:3      | 2230 ||| FLEEEEING.
  2231 | D:3      | 2231 ||| FLEEEEING.
  2232 | D:3      | 2232 ||| DRINKING potion of curing.
  2232 | D:3      | 2232 ||| (to cure confusion)
  2233 | D:3      | 2233 ||| FLEEEEING.
  2234 | D:3      | 2234 ||| FLEEEEING.
  2239 | D:3      | 2239 ||| FLEEEEING.
  2240 | D:3      | 2240 ||| FLEEEEING.
  2241 | D:3      | 2241 ||| FLEEEEING.
  2242 | D:3      | 2242 ||| FLEEEEING.
  2249 | D:3      | Reached XP level 5. HP: 31/32 MP: 5/5
  2333 | D:3      | 2333 ||| Stepping ~*~*~tactically~*~*~ (stealth).
  2458 | D:3      | Found a radiant altar of Vehumet.
  2606 | D:3      | 2606 ||| DROPPING orb of guile.
  2607 | D:3      | 2607 ||| READING 3 scrolls labelled QOACAA XOMIDWE.
  2608 | D:3      | 2608 ||| READING scroll labelled VOORODEIJU.
  2609 | D:3      | 2609 ||| READING scroll labelled OVIOLO HAOSK.
  2612 | D:3      | 2612 ||| READING 2 scrolls of identify.
  2612 | D:3      | 2612 ||| IDENTIFYING viscous emerald potion
  2613 | D:3      | 2613 ||| DROPPING 2 scrolls of revelation.
  2657 | D:4      | Reached skill level 1 in Throwing
  2658 | D:4      | Noticed an ogre
  2659 | D:4      | 2659 ||| Stepping ~*~*~tactically~*~*~ (stealth).
  2664 | D:4      | 2664 ||| Stepping ~*~*~tactically~*~*~ (stealth).
  2665 | D:4      | 2665 ||| Stepping ~*~*~tactically~*~*~ (stealth).
  2667 | D:4      | 2667 ||| Stepping ~*~*~tactically~*~*~ (stealth).
  2668 | D:4      | 2668 ||| Stepping ~*~*~tactically~*~*~ (stealth).
  2669 | D:4      | 2669 ||| Stepping ~*~*~tactically~*~*~ (stealth).
  2670 | D:4      | 2670 ||| Stepping ~*~*~tactically~*~*~ (stealth).
  2682 | D:4      | Killed an ogre
  2683 | D:4      | Reached skill level 5 in Axes
  2683 | D:4      | Reached XP level 6. HP: 37/37 MP: 6/6
  2715 | D:4      | Found a blossoming altar of Fedhas.
  2931 | D:4      | Found a staircase to the Ecumenical Temple.
  2932 | D:4      | 2932 ||| PLANNING TEMPLE
  2932 | D:4      | 2932 ||| READING 2 scrolls labelled AXZIARGHURCH.
  2933 | D:4      | 2933 ||| READING scroll labelled NIXEHYJASA.
  2934 | D:4      | 2934 ||| DROPPING scroll of fog.
  2942 | Temple   | Entered the Ecumenical Temple
  2943 | Temple   | 2943 ||| Stepping randomly (stuck).
  2944 | Temple   | 2944 ||| PLANNING D:1-11
  3008 | D:4      | 3008 ||| Stepping ~*~*~tactically~*~*~ (stealth).
  3011 | D:4      | 3011 ||| Stepping ~*~*~tactically~*~*~ (stealth).
  3016 | D:4      | Reached skill level 1 in Dodging
  3117 | D:5      | Entered Level 5 of the Dungeon
  3149 | D:5      | Noticed Menkaure
  3158 | D:5      | Killed Menkaure
  3159 | D:5      | Reached skill level 6 in Axes
  3159 | D:5      | Reached XP level 7. HP: 35/43 MP: 7/7
  3227 | D:5      | Found a transporter.
  3273 | D:5      | Found a one-way gate to the infinite horrors of the Abyss.
  3273 | D:5      | Noticed qw's ghost (novice NaHu)
  3276 | D:5      | Found a transporter.
  3362 | D:5      | 3362 ||| Stepping ~*~*~tactically~*~*~ (hiding).
  3487 | D:5      | Noticed Sigmund
  3488 | D:5      | 3488 ||| Stepping ~*~*~tactically~*~*~ (hiding).
  3506 | D:5      | Killed Sigmund
  3507 | D:5      | Reached skill level 3 in Throwing
  3641 | D:5      | 3641 ||| Stepping ~*~*~tactically~*~*~ (stealth).
  3643 | D:5      | 3643 ||| Stepping ~*~*~tactically~*~*~ (stealth).
  3645 | D:5      | 3645 ||| Stepping ~*~*~tactically~*~*~ (stealth).
  3647 | D:5      | 3647 ||| Stepping ~*~*~tactically~*~*~ (hiding).
  3802 | D:5      | 3802 ||| Stepping ~*~*~tactically~*~*~ (stealth).
  4219 | D:5      | Reached XP level 8. HP: 18/48 MP: 8/8
  4348 | D:5      | 4348 ||| DROPPING +0 whip.
  4415 | D:5      | Reached skill level 7 in Axes
  4636 | D:5      | 4636 ||| UPGRADING to +0 pair of gloves.
  4641 | D:5      | 4641 ||| READING 2 scrolls labelled MORARR ATUSCH.
  4642 | D:5      | 4642 ||| READING 2 scrolls labelled ZYR YG FEXZO.
  4643 | D:5      | 4643 ||| READING scroll labelled ESOTU ECWALO.
  4644 | D:5      | 4644 ||| DROPPING scroll of summoning.
  4645 | D:5      | 4645 ||| DROPPING scroll of fear.
  4790 | D:6      | 4790 ||| FLEEEEING.
  4791 | D:6      | 4791 ||| FLEEEEING.
  4792 | D:6      | 4792 ||| FLEEEEING.
  4793 | D:6      | 4793 ||| FLEEEEING.
  4794 | D:6      | 4794 ||| FLEEEEING.
  4795 | D:6      | 4795 ||| FLEEEEING.
  4796 | D:6      | 4796 ||| FLEEEEING.
  4801 | D:6      | 4801 ||| FLEEEEING.
  4802 | D:6      | 4802 ||| FLEEEEING.
  4806 | D:6      | 4806 ||| FLEEEEING.
  4879 | D:6      | 4879 ||| DROPPING +0 mace.
  4986 | D:6      | Noticed a shadow
  4993 | D:6      | HP: 7/49 [something (20)]
  4994 | D:6      | 4994 ||| READING scroll of teleportation.
  5168 | D:6      | Found Funiawao's Book Boutique.
  5191 | D:6      | HP: 11/49 [ogre/+0 giant club (27)]
  5194 | D:6      | Mangled by an ogre

Levels and vault maps discovered:
D:1:      nzn_arrival_crosshair, layout_basic,
          dreamdust_ecumenical_altar_angels_and_demons, minmay_misc_feat_tower
D:2:      layout_basic
D:3:      layout_loops_ring, mainiacjoe_overflow_alcove_4
D:4:      layout_loops_ring, fedhas_altar_1, temple_green
D:5:      layout_basic, gammafunk_ghost_abyssal_escape, columned_hall_lemuel,
          minmay_misc_feat_doors, uniq_menkaure, uniq_sigmund
D:6:      layout_cave_pods, jmf_multi_god_temple,
          gammafunk_temple_overflow_statue, serial_column_ruins,
          column_ruins_hut_pillars, column_ruins_hut, column_ruins_open_small,
          column_ruins_corridor_straight, column_ruins_grid_1,
          column_ruins_open_small, column_ruins_open_tiny,
          column_ruins_columns_dead_end, serial_shops,
          nicolae_shop_getting_attention
Temple:   nicolae_temple_no_exploring_needed

Skill      XL: |  1  2  3  4  5  6  7  8 |
---------------+-------------------------+-----
Axes           | 2 3 4 5 6 7 |  7.7
Throwing       | 1 3 |  3.2
Fighting       | 4 5 |  5.0
Dodging        | 1 |  1.3
Armour         | |  3.2
Shields        | |  3.2

Action                     |  1- 3 |  4- 6 |  7- 9 || total
---------------------------+-------+-------+-------++-------
  Melee: War axe           |   121 |   108 |    93 ||   322
  Throw: Javelin           |       |    13 |    26 ||    39
         Boomerang         |       |     2 |     6 ||     8
    Use: Scroll            |     4 |     6 |     4 ||    14
         Potion            |       |     1 |       ||     1
 Armour: Scale mail        |    47 |    39 |    18 ||   104
  Dodge: Dodged            |    65 |    64 |    38 ||   167
  Block: Buckler           |    17 |    12 |    14 ||    43

Table legend:
 A = Non-vault XP
 B = Vault XP
 C = Vault XP percentage of total XP
 D = Non-vault monster count
 E = Vault monster count
 F = Vault count percentage of total count
                 A         B        C        D         E       F
            +---------+---------+-------+---------+---------+-------
      Total |    1270 |     491 |  27.9 |      99 |       3 |   2.9
            +---------+---------+-------+---------+---------+-------
        D:1 |      36 |       0 |   0.0 |      22 |       0 |   0.0
        D:2 |       9 |       0 |   0.0 |       5 |       0 |   0.0
        D:3 |     170 |       0 |   0.0 |      30 |       0 |   0.0
        D:4 |     365 |       0 |   0.0 |      15 |       0 |   0.0
        D:5 |     363 |     411 |  53.1 |      17 |       2 |  10.5
        D:6 |     327 |      80 |  19.7 |      10 |       1 |   9.1
            +---------+---------+-------+---------+---------+-------
